 Dungeon Crawl Stone Soup version 0.29.1-1-gd02db6906a (webtiles) character file.

Game seed: 5041101462317378882

65 firemarshallily the Chopper (level 3, 0/28 HPs)
             Began as a Demonspawn Gladiator on Oct 19, 2022.
             Slain by Grinder (2 damage)
             ... on level 3 of the Dungeon on Oct 20, 2022.
             The game lasted 00:06:45 (2284 turns).

firemarshallily the Chopper (Demonspawn Gladiator)  Turns: 2284, Time: 00:06:46

Health: 0/28       AC:  7    Str: 16    XL:     3   Next: 92%
Magic:  3/3        EV: 12    Int:  9    God:
Gold:   115        SH:  0    Dex: 14    Spells: 2/2 levels left

rFire   + . .      SeeInvis .   o - +0 spear
rCold   . . .      Faith    .   (no shield)
rNeg    + . .      Spirit   .   r - +3 leather armour {rF+}
rPois   .          Reflect  .   g - +1 hat
rElec   .          Harm     .   (no cloak)
rCorr   .          Rampage  .   (no gloves)
Will    .....                   (no boots)
Stlth   +.........              (no amulet)
HPRegen 0.09/turn               b - ring of positive energy
MPRegen 0.08/turn               (no ring)

@: no status effects
A: antennae 1
a: no special abilities


You were on level 3 of the Dungeon.
You visited 1 branch of the dungeon, and saw 3 of its levels.

You collected 151 gold pieces.
You spent 36 gold pieces at shops.

Inventory:

Hand Weapons
 o - a +0 spear (weapon)
Missiles
 d - 3 throwing nets
 e - a javelin
 h - 22 stones (quivered)
 q - 6 boomerangs of dispersal
Armour
 g - a +1 hat (worn)
 r - a +3 leather armour of fire resistance (worn)
Jewellery
 b - a ring of positive energy (left hand)
 f - a ring of ice
Scrolls
 a - 2 scrolls of magic mapping
 s - a scroll of acquirement {unknown}
 t - a scroll of teleportation {unknown}
Potions
 c - a potion of resistance {unknown}
 i - a potion of degeneration {unknown}
 k - 2 potions of curing {unknown}
 l - a potion of heal wounds {unknown}
 n - a potion of might {unknown}
 p - 2 potions of lignification {unknown}


   Skills:
 + Level 2.7 Fighting
 - Level 3.3(3.4) Axes
 * Level 1.1(2.4) Polearms
 - Level 1.7 Throwing
 + Level 1.3 Armour
 - Level 2.6 Dodging


You had 2 spell levels left.
You didn't know any spells.
Your spell library was empty.

Dungeon Overview and Level Annotations

Branches:
Dungeon (3/15)

Altars:

Shops:
D:2 (

Annotations:
D:2 1 runed translucent door, Crazy Yiuf
D:3 Grinder


Innate Abilities, Weirdness & Mutations

You have a pair of small antennae on your head.


Message History

Aim: Grinder (heavily wounded, ally target, about 40% to evade your +0 spear)
You could not reach far enough!
Grinder hits your rat!
Your rat dies!
Your rat's corpse dissolves into shadows!
Unknown command.
Reach: o) +0 spear
Press: ? - help, Dir - move target, f/p - Grinder
Aim: Grinder (heavily wounded, about 40% to evade your +0 spear)
You reach to attack!
You hit Grinder but do no damage.
Grinder is heavily wounded.
Grinder gestures at you. Pain shoots through your body!
Reach: o) +0 spear
Press: ? - help, Dir - move target, f/p - Grinder
Aim: Grinder (heavily wounded, about 40% to evade your +0 spear)
You reach to attack!
You hit Grinder but do no damage.
Grinder is heavily wounded.
Unknown command.
You barely miss Grinder.
Grinder is heavily wounded.
Grinder hits you but does no damage.
You closely miss Grinder.
Grinder is heavily wounded.
Grinder barely misses you.
You hit Grinder.
Grinder is severely wounded.
Grinder barely misses you.
You hit Grinder.
Grinder is severely wounded.
Grinder barely misses you.
You hit Grinder.
Grinder is severely wounded.
Grinder hits you!
* * * LOW HITPOINT WARNING * * *
You closely miss Grinder.
Grinder is severely wounded.
Grinder hits you.
* * * LOW HITPOINT WARNING * * *
You writhe in agony.
You die...

#.*#........#
#,*##........
############.##.........
#....(....$#$...#####...
#.....(....#.##** ##.#.
#..............?####..#.
#.......(..#.##.[..#.#..
#......5...#.#####....<.
#......@...?.....[......
#####.............##.##.
*#......................
#...........######?#.#..
#######........,*#.#.##.
#.........*#.#.#*.
#.......!.#*.#.#*.
#.........#*....,,
#.........#**,,,,,


You could see Grinder.

Vanquished Creatures
  2 adders (D:2)
  A worm (D:2)
  2 dart slugs (D:2)
  5 ball pythons
  5 endoplasms (D:2)
  2 giant cockroaches
  3 hobgoblins
  4 kobolds
  2 quokkas (D:2)
  4 bats
  2 frilled lizards
  A goblin (D:2)
  3 rats
36 creatures vanquished.

Vanquished Creatures (others)
  4 toadstools (D:1)
4 creatures vanquished.

Grand Total: 40 creatures vanquished

Notes
Turn   | Place    | Note
-------+----------+-------------------------------------------
     0 | D:1      | firemarshallily the Demonspawn Gladiator began the quest
                  | for the Orb.
     0 | D:1      | Reached XP level 1. HP: 16/16 MP: 1/1
   447 | D:1      | Reached skill level 3 in Axes
   447 | D:1      | Gained mutation: You have a pair of small antennae on your
                  | head. [demonic ancestry]
   447 | D:1      | Reached XP level 2. HP: 22/22 MP: 2/2
   512 | D:1      | Found a faded altar of an unknown god.
   827 | D:2      | Reached skill level 1 in Armour
   829 | D:2      | Found Vukhligass's Weapon Emporium.
   886 | D:2      | Reached XP level 3. HP: 18/28 MP: 3/3
  1121 | D:2      | Bought a +0 spear for 36 gold pieces
  1218 | D:2      | Found a runed translucent door.
  1219 | D:2      | Noticed Crazy Yiuf
  1601 | D:2      | Reached skill level 1 in Polearms
  1940 | D:3      | Noticed Grinder
  1961 | D:3      | Paralysed by Grinder for 4 turns
  2266 | D:3      | Paralysed by Grinder for 4 turns
  2284 | D:3      | Slain by Grinder

Illustrated notes

Levels and vault maps discovered:
D:1:      ldierk_walled_garden_2, layout_basic,
          shapermc_ecumenical_altar_acropolis, serial_glass, glass_columns_a,
          glass_columns_a
D:2:      layout_rooms, serial_shops, nicolae_shop_bloodbath_and_beyond,
          uniq_crazy_yiuf_cottage
D:3:      layout_rooms, uniq_grinder

Skill      XL: |  1  2  3 |
---------------+----------+-----
Axes           | 3 |  3.3
Armour         | 1 |  1.3
Polearms       | 1 |  1.1
Fighting       | |  2.7
Throwing       | |  1.7
Dodging        | |  2.6

Action                   || total
-------------------------++-------
Melee: War axe           ||    51
       Spear             ||    98
       Punch             ||     2
Throw: Dart              ||     5
  Use: Scroll            ||     3
 Stab: Sleeping          ||     2
Armor: Leather armour    ||    35
Dodge: Dodged            ||    81
